 Dungeon Crawl Stone Soup version 0.31.0-32-g396128a36d (webtiles) character file.

Game seed: 12406963824739537058

6500 Peloso the Carver (level 10, -6/90 HPs)
             Began as a Minotaur Fighter on Mar 11, 2024.
             Was a Believer of Okawaru.
             Engulfed by an ophan's blessed fire (12 damage)
             ... on level 2 of the Abyss.
             The game lasted 00:20:17 (7483 turns).

Peloso the Carver (Minotaur Fighter)                Turns: 7483, Time: 00:20:17

Health: -6/90      AC: 19    Str: 21    XL:     10   Next: 69%
Magic:  9/9        EV: 11    Int:  5    God:    Okawaru [**....]
Gold:   534        SH:  0    Dex: 14    Spells: 9/9 levels left

rFire   . . .        a - +1 long sword
rCold   . . .        d - +0 buckler
rNeg    . . .        j - +4 scale mail {rPois}
rPois   +            (helmet restricted)
rElec   .            u - +0 cloak
rCorr   +            c - +0 pair of gloves
SInv    .            (no boots)
Will    .....        g - amulet of regeneration Stlth
                     i - ring of resist corrosion
HPRegen 0.00/turn    k - +4 ring of protection
MPRegen 0.11/turn

%: no passive effects
@: confused, sick, glowing
A: horns 2, retaliatory headbutt
a: Renounce Religion, Heroism


You were on level 2 of the Abyss.
You worshipped Okawaru.
Okawaru was pleased with you.
You visited 1 branch of the dungeon, and saw 8 of its levels.
You visited the Abyss 1 time.

You collected 558 gold pieces.
You spent 24 gold pieces at shops.

Inventory:

Hand Weapons
 a - a +1 long sword (weapon)
 b - a +1 short sword of flaming
 F - the +8 flail of Supply {heavy, rPois Int+3}
   (You found it on level 7 of the Dungeon)

   Int+3:     It affects your intelligence (+3).
   rPois:     It protects you from poison
Missiles
 G - a throwing net (quivered)
Armour
 c - a +0 pair of gloves (worn)
 d - a +0 buckler (worn)
 f - a +0 plate armour
 j - a +4 scale mail of poison resistance (worn)
 u - a +0 cloak (worn)
 L - a +2 pair of gloves of infusion
Jewellery
 g - an amulet of regeneration (around neck)
 i - a ring of resist corrosion (left hand)
 k - a +4 ring of protection (right hand)
 m - a ring of positive energy
 o - a ring of positive energy
 r - a ring of fire
 A - the ring "Kicsan" {rPois rC+ rN+ Will- MP+9}
   (You found it on level 6 of the Dungeon)

   [ring of positive energy]

   rC+:       It protects you from cold.
   rPois:     It protects you from poison rN+: It protects you from negative
   energy.
   Will-:     It decreases your willpower.
   MP+9:      It affects your magic capacity (+9).
Wands
 x - a wand of paralysis (9)
 y - a wand of polymorph (12)
 z - a wand of flame (42)
 E - a wand of light (11)
Scrolls
 h - a scroll of immolation
 t - a scroll of vulnerability
 D - 2 scrolls of identify
Potions
 n - a potion of magic
 p - a potion of brilliance
 v - 2 potions of heal wounds {unknown}
 w - 2 potions of lignification
 C - a potion of cancellation {unknown}
 I - a potion of curing {unknown}
 J - a potion of mutation {unknown}
 K - a potion of haste {unknown}


   Skills:
 + Level 8.9 Fighting
 + Level 12.7 Long Blades
 + Level 9.8 Armour
 + Level 4.5 Dodging
 + Level 1.4 Stealth
 + Level 7.4 Shields
 + Level 0.6 Invocations


You had 9 spell levels left.
You didn't know any spells.
Your spell library contained the following spells:

 Spells                   Type           Power      Damage    Failure   Level
 Freeze                   Ice            0%         1d3       82%         1
 Sandblast                Erth           0%         2d4       82%         1
 Slow                     Hex            0%         N/A       82%         1
 Mercury Vapours          Alch/Air       0%         N/A       91%         2
 Confusing Touch          Hex            0%         N/A       99%         3
 Frozen Ramparts          Ice            0%         1d1       99%         3
 Hailstorm                Conj/Ice       0%         3d5       99%         3
 Mephitic Cloud           Conj/Alch/Air  0%         N/A       99%         3
 Passwall                 Erth           0%         N/A       99%         3
 Sigil of Binding         Hex            0%         N/A       99%         3
 Stone Arrow              Conj/Erth      0%         3d7       99%         3
 Vampiric Draining        Necr           0%         2d6       99%         3
 Anguish                  Hex/Necr       0%         N/A       100%        4
 Brom's Barrelling Bould  Conj/Erth      0%         2d3       100%        4
 Freezing Cloud           Conj/Ice/Air   0%         6-21      100%        5
 Lehudib's Crystal Spear  Conj/Erth      0%         10d2      100%        8


Dungeon Overview and Level Annotations

Branches:
Dungeon (8/15)             Temple (0/1) D:6
   Lair: D:8-11

Altars:
Cheibriados
Kikubaaqudgha
Makhleb
Nemelex Xobeh
Okawaru
Trog
Uskayaw
Wu Jian
Xom
Zin

Shops:
D:4 ?

Annotations:
D:2 1 runed translucent door, Crazy Yiuf
D:8 Gastronok


Innate Abilities, Weirdness & Mutations

You have a pair of horns on your head.
You reflexively headbutt those who attack you in melee.


Message History

The ancient zyme closely misses you. The ancient zyme hits you!
You hit the ancient zyme but do no damage.
You headbutt the ancient zyme.
The ancient zyme is moderately damaged.
The golden eye blinks!
The ancient zyme hits you.
* * * LOW HITPOINT WARNING * * *
The ancient zyme closely misses you.
You bump into the crystal wall.
The ancient zyme hits you but does no damage.
The ancient zyme closely misses you.
You hit the ancient zyme. You headbutt the ancient zyme.
The ancient zyme is moderately damaged.
The golden eye blinks at you.
You are more confused.
You bump into the rock wall.
The ancient zyme barely misses you. x2
Unknown command.
You slash the ancient zyme!
The ancient zyme is heavily damaged.
The ancient zyme closely misses you.
The ancient zyme hits you but does no damage.
The golden eye blinks at you.
You are more confused.
Unknown command.
You're too confused to move!
The ancient zyme hits you but does no damage.
The ancient zyme hits you.
* * * LOW HITPOINT WARNING * * *
The golden eye blinks at you.
You are more confused.
The ophan calls forth blessed flames!
Blessed fire suddenly surrounds you!
You are engulfed in blessed fire.
* * * LOW HITPOINT WARNING * * *
The golden eye blinks at you.
You are more confused.
You hit the ancient zyme but do no damage.
You headbutt the ancient zyme.
The ancient zyme is heavily damaged.
You are engulfed in blessed fire.
You die...

# ## # # .
# .# # #
#.##. . .#
. . . . .#
... #. ยง
.# # # .. .
# . .... ##
. #. . .###
. ... . # #
#..## #
.###. #.#.
###...#
..#.
#...##xG#.#
.#. .#
##.@G### .
# . #.##.#
. .. ##.. .
.#.# .#.# #
# # #. # ..
#.# .#


You could see an ophan, an ancient zyme and a golden eye.

Vanquished Creatures
  A two-headed ogre (D:8)
  A manticore (D:8)
  An unseen horror (D:8)
  A tengu conjurer (D:8)
  2 trolls (D:8)
  Grinder (D:4)
  A yak (D:8)
  A wraith (D:8)
  A redback (shapeshifter) (Abyss:2)
  Edmund (D:4)
  3 acid dragons
  2 water moccasins
  Duvessa (D:4)
  4 ice beasts
  A sky beast (Abyss:2)
  4 orc warriors
  A black bear (D:8)
  3 ogres
  2 centaurs
  2 phantoms
  4 bullfrogs
  A gnoll sergeant (D:8)
  3 scorpions (D:6)
  2 wights
  Dowan (D:4)
  2 bombardier beetles (D:5)
  2 jellies
  7 orc priests
  3 hounds
  2 gnoll boudas
  7 iguanas
  8 orc wizards
  17 gnolls
  3 adders
  2 shadow imps
  2 white imps (D:7)
  3 dart slugs
  A ribbon worm (D:4)
  19 orcs
  8 endoplasms
  3 giant cockroaches (D:1)
  7 hobgoblins
  8 jackals
  6 kobolds
  6 quokkas
  12 ball pythons
  4 bats
  2 frilled lizards
  12 goblins
  12 rats
203 creatures vanquished.

Vanquished Creatures (others)
  An orc wizard (D:5)
1 creature vanquished.

Grand Total: 204 creatures vanquished

Notes
Turn   | Place    | Note
-------+----------+-------------------------------------------
     0 | D:1      | Peloso the Minotaur Fighter began the quest for the Orb.
     0 | D:1      | Reached XP level 1. HP: 19/19 MP: 0/0
    31 | D:1      | Reached XP level 2. HP: 23/27 MP: 1/1
   280 | D:1      | Found a faded altar of an unknown god.
   450 | D:1      | Reached XP level 3. HP: 33/33 MP: 2/2
  1356 | D:2      | Found a runed translucent door.
  1359 | D:2      | Noticed Crazy Yiuf
  1512 | D:3      | Reached skill level 3 in Long Blades
  1512 | D:3      | Reached XP level 4. HP: 28/40 MP: 3/3
  1707 | D:3      | Reached skill level 1 in Dodging
  2482 | D:4      | Reached skill level 4 in Long Blades
  2482 | D:4      | Reached XP level 5. HP: 47/47 MP: 4/4
  2552 | D:4      | Noticed Duvessa
  2553 | D:4      | Noticed Dowan
  2554 | D:4      | Noticed Edmund
  2563 | D:4      | Killed Duvessa
  2564 | D:4      | Reached skill level 5 in Long Blades
  2570 | D:4      | Killed Edmund
  2571 | D:4      | Reached skill level 5 in Armour
  2571 | D:4      | Reached XP level 6. HP: 50/53 MP: 5/5
  2579 | D:4      | Killed Dowan
  2660 | D:4      | Reached skill level 6 in Long Blades
  2894 | D:4      | Found Civoratub's Magic Scroll Boutique.
  2900 | D:4      | Bought a scroll of identify for 24 gold pieces
  2973 | D:4      | Found a glowing silver altar of Zin.
  3016 | D:4      | Noticed Grinder
  3021 | D:4      | Killed Grinder
  3022 | D:4      | Reached skill level 5 in Fighting
  3022 | D:4      | Reached skill level 5 in Shields
  3022 | D:4      | Reached XP level 7. HP: 48/61 MP: 6/6
  3192 | D:4      | Reached skill level 7 in Long Blades
  3348 | D:5      | Entered Level 5 of the Dungeon
  3489 | D:5      | Reached XP level 8. HP: 70/70 MP: 7/7
  3588 | D:5      | Reached skill level 1 in Stealth
  3740 | D:5      | Reached skill level 8 in Long Blades
  3854 | D:5      | Noticed a +0 dagger
  3854 | D:5      | Noticed a +0 falchion
  3854 | D:5      | Noticed a +0 spear
  3855 | D:5      | Noticed a +0 short sword
  3855 | D:5      | Noticed a +0 falchion
  3855 | D:5      | Noticed a +0 spear
  3855 | D:5      | Noticed a +0 dagger
  3857 | D:5      | Noticed a +0 short sword
  3862 | D:5      | Found a hide-covered altar of Uskayaw.
  4344 | D:6      | Reached skill level 9 in Long Blades
  4361 | D:6      | Identified the ring "Kicsan" {rPois rC+ rN+ Will- MP+9}
  4399 | D:6      | Found a snail-covered altar of Cheibriados.
  4477 | D:6      | Found a bloodstained altar of Trog.
  4478 | D:6      | Found an ornate altar of the Wu Jian Council.
  4479 | D:6      | Found a shimmering altar of Xom.
  4600 | D:6      | Found a staircase to the Ecumenical Temple.
  4639 | D:6      | Reached XP level 9. HP: 78/78 MP: 8/8
  5147 | D:6      | Reached skill level 10 in Long Blades
  5406 | D:6      | Found a sparkling altar of Nemelex Xobeh.
  5407 | D:6      | Found a burning altar of Makhleb.
  5749 | D:7      | Identified the +8 flail of Supply {heavy, rPois Int+3}
  6200 | D:7      | Got the Elucidation of Ironbound Hexes
  6475 | D:8      | Reached skill level 11 in Long Blades
  6528 | D:8      | Found an iron altar of Okawaru.
  6550 | D:8      | Became a worshipper of Warmaster Okawaru
  6582 | D:8      | Noticed Gastronok
  6772 | D:8      | Found an ancient bone altar of Kikubaaqudgha.
  6932 | D:8      | Reached XP level 10. HP: 82/88 MP: 9/9
  6945 | D:8      | Noticed a manticore
  6961 | D:8      | Killed a manticore
  6961 | D:8      | Reached * piety under Okawaru
  7075 | D:8      | Noticed a two-headed ogre
  7092 | D:8      | Killed a two-headed ogre
  7093 | D:8      | Reached skill level 12 in Long Blades
  7117 | D:8      | Reached ** piety under Okawaru
  7208 | D:8      | Identified the +6 battleaxe "Fofa" {freeze, rF+ Str+3
                  | Int-3}
  7221 | D:8      | Noticed a tengu warrior
  7246 | Abyss:2  | Cast into level 2 of the Abyss (tengu warrior)
  7338 | Abyss:2  | Found a corrupted altar of Lugonu.
  7347 | Abyss:2  | Found a corrupted altar of Lugonu.
  7471 | Abyss:2  | Noticed an ophan
  7483 | Abyss:2  | Engulfed by an ophan's blessed fire

Illustrated notes

Levels and vault maps discovered:
D:1:      reono_arrival_mine, layout_basic,
          chequers_ecumenical_altar_simple_redux
D:2:      layout_basic, uniq_crazy_yiuf_cottage
D:3:      layout_loops_corners, minmay_starry_boxes
D:4:      minmay_chambers_of_threes, layout_loops_ring,
          mainiacjoe_overflow_catwalk, serial_shops, nicolae_shop_trees,
          uniq_grinder, uniq_edmund, uniq_duvessa
D:5:      layout_basic, nicolae_uskayaw_en_pointe
D:6:      layout_layer_cave, kennysheep_slug_shrine,
          nicolae_overflow_hidden_temple, minmay_temple_entry_from_below_a,
          amethyst_killhole
D:7:      layout_basic
D:8:      minmay_the_grid_octo_2x2 [minmay_the_grid_octo_fan_narrow,
          minmay_the_grid_octo_chip, minmay_the_grid_octo_vomiting_pacman,
          minmay_the_grid_octo_prize_single_spiral], layout_basic,
          lemuel_tele_altar, mainiacjoe_overflow_small_starburst, uniq_gastronok
Abyss:2:  base: D:8, hangedman_abyss_mock_shop

Skill      XL: |  1  2  3  4  5  6  7  8  9 10 |
---------------+-------------------------------+-----
Shields        | 4 5 6 7 |  7.4
Fighting       | 4 5 6 8 |  8.9
Armour         | 4 5 6 7 8 9 |  9.8
Long Blades    | 3 4 5 6 7 9 11 12 | 12.7
Dodging        | 1 2 3 4 |  4.5
Stealth        | 1 |  1.4
Invocations    | |  0.6

Action                     |  1- 3 |  4- 6 |  7- 9 | 10-12 || total
---------------------------+-------+-------+-------+-------++-------
  Melee: Long sword        |   102 |   110 |   379 |   116 ||   707
         Headbutt          |    15 |    11 |    92 |    20 ||   138
 Invoke: Heroism           |       |       |       |     6 ||     6
    Use: Scroll            |       |     5 |     1 |     7 ||    13
         Potion            |       |     1 |       |     1 ||     2
 Armour: Scale mail        |    81 |    21 |   269 |   111 ||   482
         Chain mail        |       |    53 |       |       ||    53
         Skin              |       |       |       |    19 ||    19
  Dodge: Dodged            |    65 |    37 |   175 |    73 ||   350
  Block: Buckler           |    22 |    31 |    81 |    34 ||   168
